 Dungeon Crawl Stone Soup version 0.18-a0-1800-gdc7a371 (webtiles) character file.

2289 4thArraOfDagon the Destroyer (level 9, -2/76 HPs)
             Began as a High Elf Fire Elementalist on Apr 24, 2016.
             Was an Initiate of Ru.
             Slain by a killer bee (5 damage)
             ... on level 7 of the Dungeon.
             The game lasted 00:19:19 (2769 turns).

4thArraOfDagon the Destroyer (HEFE)                 Turns: 2769, Time: 00:19:19

Health: -2/76      AC: 24    Str:  5    XL:     9   Next: 17%
Magic:  4/19       EV:  2    Int: 23    God:    Ru [......]
Gold:   230        SH:  0    Dex: 16    Spells: 6 memorised, 6 levels left

rFire  . . .     SeeInvis +     b - book of Flames
rCold  . . .     Gourm    .     (armour currently unavailable)
rNeg   + + +     Faith    .     (no shield)
rPois  +         Spirit   .     (helmet currently unavailable)
rElec  .         Dismiss  .     (cloak currently unavailable)
rCorr  .         Reflect  .     (gloves currently unavailable)
SustAt .         Harm     .     (boots currently unavailable)
MR     +....     NoTele   +     f - amulet of magic regeneration
Stlth  +++.......               k - ring of protection from magic
                                g - ring of see invisible

@: lethally poisoned (-2 -> -10), tree-form, very slightly contaminated,
somewhat resistant to hostile enchantments, fairly stealthy
A: weak 1
a: Renounce Religion


You were on level 7 of the Dungeon.
You worshipped Ru.
Ru was noncommittal.
You were not hungry.
You were a tree.
You visited 2 branches of the dungeon, and saw 12 of its levels.

You collected 230 gold pieces.

Inventory:

Hand Weapons
 i - a +0 dagger
 r - a +0 rapier
Missiles
 w - 2 tomahawks of returning (quivered)
Armour
 a - a +0 robe (melded)
 C - a +0 buckler
Jewellery
 f - an amulet of magic regeneration (around neck)
 g - a ring of see invisible (left branch)
 k - a ring of protection from magic (right branch)
Wands
 e - a wand of flame (9/48)
 x - a wand of random effects (18/48)
Scrolls
 q - 2 scrolls of immolation
 s - a scroll of fog {unknown}
 t - a scroll of blinking {unknown}
 y - a scroll of fear {unknown}
 B - a scroll of enchant weapon {unknown}
 D - a scroll of remove curse
Potions
 h - 2 potions of might
 j - a potion of haste {unknown}
 m - 2 potions of flight
 n - a potion of brilliance
 o - 2 potions of lignification
 p - a potion of resistance {unknown}
 v - a potion of invisibility
Books
 b - a book of Flames (in branch)

   Spells                             Type                      Level
   a - Flame Tongue                   Conjuration/Fire             1
   b - Throw Flame                    Conjuration/Fire             2
   c - Conjure Flame                  Conjuration/Fire             3
   d - Inner Flame                    Hexes/Fire                   3
   e - Sticky Flame                   Conjuration/Fire             4
   f - Fireball                       Conjuration/Fire             5
 l - a book of Cantrips

   Spells                             Type                      Level
   a - Corona                         Hexes                        1
   b - Animate Skeleton               Necromancy                   1
   c - Summon Small Mammal            Summoning                    1
   d - Apportation                    Translocation                1
Comestibles
 c - 3 bread rations
 d - 4 meat rations
 A - a slice of pizza


   Skills:
 - Level 2.1 Dodging
 - Level 2.1 Stealth
 + Level 6.6 Spellcasting
 * Level 8.5 Conjurations
 * Level 8.2 Fire Magic


You had 6 spell levels left.
You knew the following spells:

 Your Spells              Type           Power        Failure   Level  Hunger
a - Flame Tongue          Conj/Fire      #####        1%          1    None
b - Conjure Flame         Conj/Fire      #####...     1%          3    None
c - Sticky Flame          Conj/Fire      #####...     2%          4    ###....
d - Apportation           Tloc           #.........   10%         1    None
e - Animate Skeleton      Necr           N/A          10%         1    None
f - Fireball              Conj/Fire      #####.....   10%         5    #####..


Dungeon Overview and Level Annotations

Branches:
Dungeon (11/15)            Temple (1/1) D:5
   Lair: D:8-11         Orc: D:9-12

Altars:
Ashenzari
Dithmenos
Elyvilon
Fedhas
Gozag
Kikubaaqudgha
Makhleb
Nemelex Xobeh
Okawaru
Pakellas
Qazlal
Ru
Sif Muna
Trog
Xom
Zin
The Shining One

Shops:
D:9 [=(

Annotations:
D:1 exclusion: door
D:3 Grinder
D:4 M4edhros's ghost, weakling OpNe
D:6 Sigmund


Innate Abilities, Weirdness & Mutations

You are weak. (Str -2)


Message History

The killer bee stings you.
* * * LOW HITPOINT WARNING * * *
You are more poisoned.
The killer bee poisons you! The killer bee misses you.
The killer bee barely misses you.
A killer bee comes into view.
Unknown command.
Unknown command.
Unknown command.
Drink which item? (? for menu, Esc to quit)
Okay, then.
Drink which item? (? for menu, Esc to quit)
It was a potion of lignification.
You turn into a tree.
Your +0 robe melds into your body.
Your roots penetrate the ground.
You feel strangely stable.
* * * LOW HITPOINT WARNING * * *
You feel sick.
The killer bee stings you but does no damage.
The killer bee barely misses you. The killer bee stings you.
You die...

#. #.# ###############.#
............. ...
..........# #.#
.......♣y.# #.# #.
......yyy.#####.####).o.
......yyy.'........))...
..........####..####.:..
.......l..# #..# ..
.........y# #..#
........y.. #..#
......>....# #..#
..........# #.)#


You could see an iguana and 9 killer bees.

Vanquished Creatures
  A two-headed ogre (D:9)
  A wyvern (D:8)
  A steam dragon (D:9)
  A hungry ghost (D:9)
  An orc warrior (D:7)
  2 ice beasts
  A phantom (D:8)
  2 ogres
  3 centaurs
  2 giant frogs
  A scorpion (D:5)
  4 wights (D:7)
  A howler monkey (D:8)
  2 giant frog zombies
  An orc priest (D:10)
  A jelly (D:5)
  A centaur skeleton (D:7)
  2 orc wizards (D:4)
  5 worker ants
  A hound zombie (D:6)
  2 hound skeletons (D:5)
  A worker ant zombie (D:8)
  5 adders
  4 gnolls (D:3)
  A howler monkey skeleton (D:7)
  A shadow imp (D:6)
  An ooze (D:5)
  An adder zombie (D:6)
  2 adder skeletons
  A dart slug (D:2)
  4 giant geckos
  8 orcs
  A ball python (D:5)
  5 giant cockroaches
  2 goblins
  2 hobgoblins
  2 jackals (D:6)
  3 quokkas
  2 bats (D:3)
  A giant newt (D:3)
  2 kobolds
  A rat (D:2)
86 creatures vanquished.

Notes
Turn   | Place    | Note
--------------------------------------------------------------
     0 | D:1      | 4thArraOfDagon the High Elf Fire Elementalist began the quest for the Orb.
     0 | D:1      | Reached XP level 1. HP: 11/11 MP: 4/4
   195 | D:3      | Noticed Grinder
   314 | D:3      | Reached XP level 2. HP: 16/17 MP: 2/6
   443 | D:3      | Reached XP level 3. HP: 14/21 MP: 2/8
   448 | D:3      | Learned a level 3 spell: Conjure Flame
   574 | D:3      | Found an opulent altar of Gozag.
   637 | D:4      | Noticed M4edhros's ghost (weakling OpNe)
   789 | D:4      | Reached XP level 4. HP: 23/27 MP: 6/9
   815 | D:4      | Learned a level 4 spell: Sticky Flame
   817 | D:4      | Learned a level 1 spell: Apportation
   848 | D:5      | Entered Level 5 of the Dungeon
   860 | D:5      | Found a white marble altar of Elyvilon.
   860 | D:5      | Found a sparkling altar of Nemelex Xobeh.
   913 | D:6      | Noticed Sigmund
   916 | D:6      | Noticed a centaur
   928 | D:6      | Killed a centaur
   928 | D:6      | Reached XP level 5. HP: 19/31 MP: 4/11
   931 | D:6      | Learned a level 1 spell: Animate Skeleton
  1009 | D:6      | Noticed a centaur
  1109 | D:7      | Found a deep blue altar of Sif Muna.
  1109 | D:7      | Found a blossoming altar of Fedhas.
  1123 | D:7      | Noticed a black bear
  1179 | D:7      | Found a sacrificial altar of Ru.
  1187 | D:7      | Became a worshipper of Ru the Awakened
  1188 | D:7      | Noticed a centaur
  1289 | D:7      | Noticed an orc warrior
  1327 | D:7      | You fall through a shaft for 3 floors!
  1327 | D:10     | Entered Level 10 of the Dungeon
  1328 | D:10     | :(
  1404 | D:11     | Noticed an ice beast
  1407 | D:11     | Killed an ice beast
  1407 | D:11     | Reached skill level 5 in Fire Magic
  1407 | D:11     | Reached XP level 6. HP: 34/36 MP: 9/13
  1535 | D:9      | Reached skill level 5 in Conjurations
  1535 | D:9      | Reached XP level 7. HP: 38/41 MP: 3/14
  1553 | D:9      | Noticed a two-headed ogre
  1568 | D:9      | Noticed a steam dragon
  1588 | D:9      | Killed a steam dragon
  1594 | D:9      | Killed a two-headed ogre
  1594 | D:9      | Reached skill level 5 in Spellcasting
  1630 | D:9      | Found Botibbyg's Jewellery Shoppe.
  1665 | D:9      | Noticed a hungry ghost
  1696 | D:9      | Killed a hungry ghost
  1696 | D:9      | Reached XP level 8. HP: 28/46 MP: 6/17
  1716 | D:9      | Found a sparkling altar of Nemelex Xobeh.
  1722 | D:9      | Found Kecoe's Armour Emporium.
  1751 | D:9      | Found Huriosur's Antique Weapon Shoppe.
  1784 | D:8      | Found a shimmering altar of Xom.
  1846 | D:8      | Learned a level 5 spell: Fireball
  2003 | D:8      | Found a shattered altar of Ashenzari.
  2230 | D:5      | Found a staircase to the Ecumenical Temple.
  2236 | Temple   | Entered the Ecumenical Temple
  2271 | Temple   | MEH
  2306 | D:5      | manon: Looking for Vehumet?
  2341 | D:5      | Found a glowing golden altar of the Shining One.
  2385 | D:5      | 4thArraOfDagon: too late for veh
  2514 | D:4      | Found a bloodstained altar of Trog.
  2621 | D:6      | Reached XP level 9. HP: 37/51 MP: 13/19
  2674 | D:7      | Gained mutation: You are weak. (Str -2) [Ru sacrifice]
  2769 | D:7      | HP: 3/76 [poisoned by a killer bee]
  2769 | D:7      | Slain by a killer bee

Vault maps used:
D:1:      matt_arrival_refuge, kennysheep_flooded_box,
          hangedman_decor_clover_reticule, moated_statue, serial_bayou_pond_c
D:2:      first_bread, uniq_robin
D:3:      grunt_gozag_statues, okawaru_gym_becter, uniq_terence, uniq_grinder
D:4:      trog_eyes_of_draining, serial_shops, kennysheep_mini_moat,
          grunt_ministairs_7
D:5:      lemuel_zombie_altar_yredelemnul, lemuel_round_altar,
          amethyst_overflow_temple_binary, minmay_temple_entry_fiery,
          nicolae_ru_the_path_less_chosen
D:6:      uniq_sigmund
D:7:      grunt_temple_overflow_open, basic_altar
D:8:      vehumet_altar_wand_db, lemuel_crystal_altar,
          ashenzari_conservatory_becter, lair_0_dummy, uniq_prince_ribbit1
D:9:      cheibrodos_worm_habitat, serial_shops, kennysheep_little_box,
          nicolae_shop_trees, nicolae_shop_temple_entry_statues_fountains, shop,
          shop_statue, basic_altar
D:10:     grunt_ogre_cave
D:11:     lemuel_insect_pit, lemuel_statue_altar
Temple:   zaba_magenta_temple_8

Skill      XL: |  1  2  3  4  5  6  7  8  9 |
---------------+----------------------------+-----
Conjurations   | 2 3 4 5 6 8 |  8.5
Spellcasting   | 3 4 5 6 |  6.6
Fire Magic     | 4 5 6 7 8 |  8.2
Dodging        | |  2.1
Stealth        | |  2.1

Action                   |  1- 3 |  4- 6 |  7- 9 || total
-------------------------+-------+-------+-------++-------
Melee: Club              |     5 |       |       ||     5
       Dagger            |    12 |       |       ||    12
Throw: Throwing net      |     2 |     1 |       ||     3
 Cast: Flame Tongue      |    40 |    41 |    99 ||   180
       Conjure Flame     |       |     4 |     6 ||    10
       Sticky Flame      |       |     5 |    13 ||    18
       Animate Skeleton  |       |       |     1 ||     1
       Fireball          |       |       |     3 ||     3
Invok: Sacrifice Purity  |       |       |     1 ||     1
Evoke: Wand              |       |       |    14 ||    14
  Use: Potion            |     1 |       |     2 ||     3
       Scroll            |     3 |     3 |     5 ||    11
  Eat: Chunk             |       |     2 |     5 ||     7
       Royal jelly       |       |     1 |       ||     1
       Beef jerky        |       |       |     1 ||     1
Armor: Robe              |     7 |     6 |     7 ||    20
       Skin              |       |       |     1 ||     1
Dodge: Dodged            |    16 |    21 |    28 ||    65
